 Dungeon Crawl Stone Soup version 0.25-a0-100-g33052ceff8 (webtiles) character file.

Game seed: 8360521690606640422, levelgen mode: deterministic

487 DavidChitty2 the Magician (level 6, 0/32 HPs)
             Began as a Deep Elf Wizard on Nov 14, 2019.
             Shot with an arrow by a centaur (14 damage)
             ... on level 5 of the Dungeon.
             The game lasted 00:12:47 (5267 turns).

DavidChitty2 the Magician (Deep Elf Wizard)         Turns: 5267, Time: 00:12:48

Health: 0/32       AC:  4    Str:  4    XL:     6   Next: 89%
Magic:  6/16       EV: 14    Int: 25    God:
Gold:   233        SH:  0    Dex: 13    Spells: 5/16 levels left

rFire    . . .     SeeInvis .   a - +1 dagger (venom)
rCold    . . .     Gourm    .   (no shield)
rNeg     + . .     Faith    .   m - +1 robe {rN+}
rPois    .         Spirit   .   b - +1 hat
rElec    .         Reflect  .   (no cloak)
rCorr    .         Harm     .   (no gloves)
MR       .....                  (no boots)
Stlth    ++........             (no amulet)
HPRegen  0.10/turn              o - ring of attention (curse)
MPRegen  0.15/turn              d - ring of stealth

@: no status effects
A: no striking features
a: no special abilities


You were on level 5 of the Dungeon.
You were not hungry.

You visited 1 branch of the dungeon, and saw 5 of its levels.

You collected 233 gold pieces.

Inventory:

Hand Weapons
 a - a +1 dagger of venom (weapon)
   (You found it on level 2 of the Dungeon)
Missiles
 n - 153 stones (quivered)
 q - 45 sling bullets
Armour
 b - a +1 hat (worn)
 k - a +0 buckler
   (You found it on level 3 of the Dungeon)
 m - a +1 robe of positive energy (worn)
   (You took it off a hobgoblin on level 1 of the Dungeon)
Jewellery
 d - a ring of stealth (right hand)
   (You found it on level 2 of the Dungeon)
 o - a cursed ring of attention (left hand)
   (You found it on level 1 of the Dungeon)
 s - an uncursed amulet of the acrobat
   (You took it off a kobold on level 3 of the Dungeon)
Wands
 t - a wand of flame (15)
   (You found it on level 3 of the Dungeon)
Scrolls
 f - 3 scrolls of enchant weapon
 g - a scroll of identify {@r1}
 h - a scroll of immolation {!r}
 i - 3 scrolls of teleportation {@r4}
 l - a scroll of fear
 p - a scroll of enchant armour
Potions
 c - a potion of might
 j - a potion of heal wounds {@q2}
 r - a potion of brilliance
 u - 2 potions of curing {@q1}
 v - a potion of magic
 x - a potion of cancellation {unknown}
Comestibles
 e - 10 rations {!d}
 w - 2 chunks of flesh


   Skills:
 + Level 4.0 Dodging
 - Level 2.4 Stealth
 * Level 1.5 Shields
 + Level 5.5 Spellcasting
 * Level 4.1 Conjurations
 - Level 2.0 Summonings
 - Level 2.0 Translocations
 + Level 1.8 Fire Magic
 + Level 1.7 Air Magic
 - Level 2.0 Poison Magic


You had 5 spell levels left.
You knew the following spells:

 Your Spells              Type           Power        Failure   Level  Hunger
a - Magic Dart            Conj           ####         1%          1    None
b - Blink                 Tloc           N/A          4%          2    None
c - Conjure Flame         Conj/Fire      ###.....     7%          3    #......
m - Mephitic Cloud        Conj/Pois/Air  ###.....     8%          3    #......
o - Call Imp              Summ           ###.....     4%          2    None

Your spell library contained the following spells:

 Spells                   Type           Power        Failure   Level  Hunger
 Confusing Touch          Hex            #.....       8%          1    None
 Gell's Gravitas          Tloc           ###.......   10%         3    #......
 Slow                     Hex            #.......     12%         2    None
 Confuse                  Hex            #.......     24%         3    #......
 Petrify                  Tmut/Erth      #.......     61%         4    ###....
 Metabolic Englaciation   Hex/Ice        #.........   91%         5    #####..
 Yara's Violent Unravell  Hex/Tmut       #.........   91%         5    #####..


Dungeon Overview and Level Annotations

Branches:
Dungeon (5/15)
 Temple: D:4-7

Altars:
Cheibriados
Qazlal
Sif Muna

Annotations:
D:5 Grinder


Message History

The magic dart hits the giant cockroach.
Aim: a giant cockroach (heavily wounded)
The magic dart hits the giant cockroach.
You kill the giant cockroach!
You start resting.
Grinder is too close now for your liking.
Aim: Grinder (hasn't noticed you)
The magic dart hits Grinder.
Grinder shouts!
Grinder blinks!
A beastly little devil appears in a puff of flame.
A beastly little devil appears in a puff of frigid air.
A quokka comes into view.
Your crimson imp blinks!
A beastly little devil appears in a puff of flame.
Aim: a quokka The magic dart hits the quokka.
A giant cockroach comes into view.
Aim: a quokka (severely wounded)
The magic dart hits the quokka.
You kill the quokka!
A centaur comes into view. It is wielding a +0 halberd.
Aim: a giant cockroach (clinging)
The magic dart hits the giant cockroach.
The centaur unwields a +0 halberd.
The centaur wields a +0 shortbow.
The centaur shoots an arrow.
The arrow barely misses you.
Your white imp gestures at the giant cockroach.
The puff of frost misses the giant cockroach.
What are your orders? t - Shout!
Orders for allies: a - Attack new target. p - Attack previous target. r - Retreat! s - Stop attacking. g - Guard the area. f - Follow me.
Anything else - Cancel.
Gang up on whom?
Aim: Grinder (lightly wounded) Attack!
The centaur shoots an arrow.
The arrow hits your white imp!
Your crimson imp blinks!
The centaur shoots an arrow.
The arrow hits your white imp!
Your white imp dies!
A scorpion comes into view.
The giant cockroach closely misses your crimson imp.
Your crimson imp barely misses the giant cockroach.
The centaur shoots an arrow.
The arrow hits you!
The giant cockroach barely misses your crimson imp.
Grinder gestures at you. Pain shoots through your body!
* * * LOW HITPOINT WARNING * * *
The centaur shoots an arrow.
The arrow hits you!
You die...

....#.... #.. .#
.# #....#....#
#..# .#.....
sc.##. ......
.5....
#.....##......
.#.#......s....
......5.(5.....
.......(.ยง.....
#.@.......
#.........
...........
.............
#.......####...
.?..##..# ..
.##. .... . .
....


You could see Grinder, a centaur, a scorpion, a giant cockroach and 2 friendly
crimson imps.

Vanquished Creatures
  Blork the orc (D:4)
  A hound (D:4)
  2 orc priests (D:3)
  An orc wizard (D:4)
  4 iguanas (D:4)
  A worker ant (D:4)
  6 adders
  An ooze (D:3)
  4 worms
  2 dart slugs
  4 leopard geckos
  12 orcs
  A giant cockroach (D:5)
  7 hobgoblins
  5 jackals
  2 quokkas
  3 ball pythons
  6 bats
  3 frilled lizards (D:2)
  6 goblins
  5 kobolds
  A leopard gecko zombie (D:5)
  5 rats
83 creatures vanquished.

Vanquished Creatures (collateral kills)
  A worker ant (D:3)
  A quokka (D:3)
2 creatures vanquished.

Grand Total: 85 creatures vanquished

Notes
Turn   | Place    | Note
-------+----------+-------------------------------------------
     0 | D:1      | DavidChitty2 the Deep Elf Wizard began the quest for the
                  | Orb.
     0 | D:1      | Reached XP level 1. HP: 10/10 MP: 7/7
   365 | D:1      | Reached XP level 2. HP: 13/15 MP: 4/9
   610 | D:1      | Learned a level 2 spell: Blink
   613 | D:1      | Learned a level 2 spell: Call Imp
  1125 | D:2      | Reached XP level 3. HP: 16/19 MP: 0/11
  1394 | D:2      | Learned a level 3 spell: Conjure Flame
  1398 | D:2      | Learned a level 3 spell: Mephitic Cloud
  1648 | D:2      | Reached XP level 4. HP: 24/24 MP: 9/12
  2292 | D:3      | Reached skill level 5 in Spellcasting
  2381 | D:3      | Reached XP level 5. HP: 28/28 MP: 3/14
  2507 | D:3      | Reached skill level 1 in Air Magic
  2507 | D:3      | Reached skill level 1 in Poison Magic
  2510 | D:3      | Reached skill level 1 in Fire Magic
  2808 | D:3      | Found a shimmering blue altar of Sif Muna.
  3556 | D:4      | Found a stormy altar of Qazlal.
  3611 | D:4      | Reached XP level 6. HP: 32/32 MP: 8/15
  3728 | D:4      | Noticed Blork the orc
  3756 | D:4      | Killed Blork the orc
  3756 | D:4      | Reached skill level 1 in Shields
  3924 | D:4      | Found a snail-covered altar of Cheibriados.
  4745 | D:4      | Found a snail-covered altar of Cheibriados.
  4991 | D:5      | Entered Level 5 of the Dungeon
  4991 | D:5      | Noticed Grinder
  5267 | D:5      | Shot with an arrow by a centaur

Levels and vault maps discovered:
D:1:      ncdulo_watergridlock, layout_rooms
D:2:      layout_rooms
D:3:      layout_rooms, led_sif_pool
D:4:      layout_basic, nicolae_overflow_hidden_temple, grunt_qazlal_sundering,
          first_ration, chei_slow_surprise, uniq_blork_the_orc
D:5:      layout_cave_pools, grunt_temple_overflow_champion_of_chaos,
          serial_shops, nicolae_shop_stone, uniq_grinder

Skill      XL: |  1  2  3  4  5  6 |
---------------+-------------------+-----
Conjurations   | 2 3 4 |  4.1
Dodging        | 3 4 |  4.0
Spellcasting   | 5 |  5.5
Air Magic      | 1 |  1.7
Poison Magic   | 1 2 |  2.0
Fire Magic     | 1 |  1.8
Summonings     | 2 |  2.0
Translocations | 2 |  2.0
Shields        | 1 |  1.5
Stealth        | |  2.4

Action                   |  1- 3 |  4- 6 || total
-------------------------+-------+-------++-------
Melee: Dagger            |     5 |     7 ||    12
 Cast: Magic Dart        |    94 |   169 ||   263
       Mephitic Cloud    |       |     8 ||     8
       Call Imp          |       |     6 ||     6
       Conjure Flame     |       |     4 ||     4
  Use: Scroll            |       |    12 ||    12
  Eat: Chunk             |     2 |     9 ||    11
       Ration            |       |     1 ||     1
Armor: Robe              |     3 |     1 ||     4
Dodge: Dodged            |    28 |    32 ||    60

Table legend:
 A = Non-vault XP
 B = Vault XP
 C = Vault XP percentage of total XP
 D = Non-vault monster count
 E = Vault monster count
 F = Vault count percentage of total count
                 A         B        C        D         E       F
            +---------+---------+-------+---------+---------+-------
      Total |     610 |      87 |  12.5 |      83 |       2 |   2.4
            +---------+---------+-------+---------+---------+-------
        D:1 |      29 |       0 |   0.0 |      17 |       0 |   0.0
        D:2 |      70 |       0 |   0.0 |      19 |       0 |   0.0
        D:3 |     192 |       0 |   0.0 |      30 |       0 |   0.0
        D:4 |     311 |      87 |  21.9 |      13 |       2 |  13.3
        D:5 |       8 |       0 |   0.0 |       4 |       0 |   0.0
            +---------+---------+-------+---------+---------+-------
